 Dungeon Crawl Stone Soup version 0.24-a0-176-gc3651c4 (webtiles) character file.

Game seed: 13692124807265950486

111 Lanoc the Chopper (level 4, -1/38 HPs)
             Began as a Minotaur Gladiator on Mar 12, 2019.
             Slain by Duvessa
             ... wielding a +2 short sword of freezing
              (3 damage)
             ... on level 4 of the Dungeon.
             The game lasted 00:02:12 (1612 turns).

Lanoc the Chopper (Minotaur Gladiator)              Turns: 1612, Time: 00:02:13

Health: -1/38      AC:  8    Str: 16 (18) XL:     4   Next: 62%
Magic:  3/3        EV: 13    Int:  3 (5)  God:
Gold:   75         SH:  2    Dex: 11 (13) Spells: 3/3 levels left

rFire    . . .     SeeInvis +   a - +0 war axe
rCold    . . .     Gourm    .   (no shield)
rNeg     . . .     Faith    .   b - +0 leather armour
rPois    .         Spirit   .   c - +0 hat
rElec    .         Reflect  +   (no cloak)
rCorr    .         Harm     .   (no gloves)
MR       .....                  (no boots)
Stlth    +.........             j - +2 amulet of reflection
HPRegen  0.12/turn              e - ring of see invisible
MPRegen  0.08/turn              g - +5 ring of protection

@: lethally poisoned (-1 -> -18)
A: retaliatory headbutt, horns 2
a: no special abilities


You were on level 4 of the Dungeon.
You were not hungry.

You visited 1 branch of the dungeon, and saw 4 of its levels.

You collected 75 gold pieces.

Inventory:

Hand Weapons
 a - a +0 war axe (weapon)
Missiles
 d - 3 throwing nets (quivered)
Armour
 b - a +0 leather armour (worn)
 c - a +0 hat (worn)
Jewellery
 e - a ring of see invisible (left hand)
 g - a +5 ring of protection (right hand)
 j - a +2 amulet of reflection (around neck)
Scrolls
 h - 5 scrolls of identify {unknown}
 k - a scroll of magic mapping {unknown}
 m - a scroll of immolation {unknown}
 o - a scroll of teleportation {unknown}
Comestibles
 f - 9 rations


   Skills:
 + Level 3.4 Fighting
 * Level 5.0 Axes
 - Level 2.0 Throwing
 + Level 2.0 Armour
 + Level 3.9 Dodging


You had 3 spell levels left.
You didn't know any spells.
Your spell library was empty.

Dungeon Overview and Level Annotations

Branches:
Dungeon (4/15)
 Temple: D:4-7

Altars:

Annotations:
D:4 Dowan, Duvessa


Innate Abilities, Weirdness & Mutations

You reflexively headbutt those who attack you in melee.
You have a pair of horns on your head.


Message History

You hit Dowan but do no damage.
You feel sick.
The centaur zombie hits you but does no damage.
Dowan hits you with a +2 dagger of venom.
You are lethally poisoned!
Duvessa misses you. You furiously retaliate!
You headbutt Duvessa. The howler monkey closely misses you.
The centaur zombie closely misses you.
You hit Duvessa but do no damage.
Duvessa is moderately wounded.
You hit the centaur zombie. You barely miss the howler monkey. You slash Dowan!
You feel sick.
Duvessa hits you with a +2 short sword of freezing.
Duvessa freezes you. Dowan closely misses you. You furiously retaliate!
You headbutt Dowan. The howler monkey barely misses you.
The centaur zombie barely misses you.
Dowan mumbles some strange words.
Dowan blinks!
Duvessa hits you with a +2 short sword of freezing!
* * * LOW HITPOINT WARNING * * *
Duvessa freezes you.
You die...

#..... .. .#
#..... .. ..#
..... .##....
....#>.#..##
#..........
##...#..#...
##..r<.#.....
#............
#..wZ@......#
#...e§h......
#)...$hha...###
?........####
..........
..##....... .#
#..(<..#
...###.#


You could see Duvessa, a howler monkey, 2 hounds, a worker ant, a dart slug, a
centaur zombie and a quokka.

Vanquished Creatures
  A scorpion (D:3)
  An adder (D:3)
  An ooze (D:1)
  2 worms
  2 leopard geckos (D:3)
  An orc (D:3)
  2 giant cockroaches
  9 goblins
  3 hobgoblins
  2 jackals (D:1)
  5 kobolds
  5 bats
  A frilled lizard (D:1)
  5 rats
40 creatures vanquished.

Notes
Turn   | Place    | Note
-------+----------+-------------------------------------------
     0 | D:1      | Lanoc the Minotaur Gladiator began the quest for the Orb.
     0 | D:1      | Reached XP level 1. HP: 18/18 MP: 0/0
   120 | D:1      | Reached skill level 4 in Axes
   120 | D:1      | Reached XP level 2. HP: 19/25 MP: 1/1
   137 | D:1      | Reached skill level 1 in Armour
   607 | D:1      | Reached XP level 3. HP: 30/30 MP: 2/2
  1537 | D:3      | Noticed a scorpion
  1542 | D:3      | Killed a scorpion
  1542 | D:3      | Reached skill level 5 in Axes
  1542 | D:3      | Reached XP level 4. HP: 38/38 MP: 3/3
  1600 | D:4      | Noticed Duvessa
  1600 | D:4      | Noticed Dowan
  1612 | D:4      | Slain by Duvessa

Levels and vault maps discovered:
D:1:      co_arrival_random_square_maze, layout_loops_ring,
          corexii_item_surrounded_by_moat, minmay_pentomino_v4
D:2:      layout_basic
D:3:      layout_basic, first_ration
D:4:      layout_rooms, minmay_checkerbox, uniq_grinder, uniq_duvessa

Skill      XL: |  1  2  3 |
---------------+----------+-----
Axes           | 4 5 |  5.0
Armour         | 1 2 |  2.0
Fighting       | 3 |  3.4
Throwing       | |  2.0
Dodging        | |  3.9

Action                   |  1- 3 |  4- 6 || total
-------------------------+-------+-------++-------
Melee: War axe           |    66 |     9 ||    75
       Headbutt          |    15 |     1 ||    16
  Use: Potion            |       |     2 ||     2
 Stab: Sleeping          |     1 |       ||     1
  Eat: Chunk             |     2 |       ||     2
Armor: Leather armour    |    16 |     7 ||    23
Dodge: Dodged            |    47 |    17 ||    64
Block: Other             |     2 |     2 ||     4

Table legend:
 A = Non-vault XP
 B = Vault XP
 C = Vault XP percentage of total XP
 D = Non-vault monster count
 E = Vault monster count
 F = Vault count percentage of total count
                 A         B        C        D         E       F
            +---------+---------+-------+---------+---------+-------
      Total |     148 |      11 |   6.9 |      37 |       3 |   7.5
            +---------+---------+-------+---------+---------+-------
        D:1 |      34 |      11 |  24.4 |      20 |       3 |  13.0
        D:2 |       7 |       0 |   0.0 |       2 |       0 |   0.0
        D:3 |     105 |       0 |   0.0 |      14 |       0 |   0.0
        D:4 |       2 |       0 |   0.0 |       1 |       0 |   0.0
            +---------+---------+-------+---------+---------+-------
